 Dungeon Crawl Stone Soup version 0.29-a0-821-g66395355a5 (webtiles) character file.

Game seed: 1149027113755495115

4 zeratav the Stinger (level 1, -1/11 HPs)
             Began as an Octopode Venom Mage on July 7, 2022.
             Slain by a kobold
             ... wielding a +0 dagger
              (3 damage)
             ... on level 1 of the Dungeon.
             The game lasted 00:00:15 (295 turns).

zeratav the Stinger (Octopode Venom Mage)            Turns: 295, Time: 00:00:15

Health: -1/11      AC:  1    Str:  7    XL:     1   Next: 70%
Magic:  0/3        EV: 13    Int: 17    God:
Gold:   19         SH:  0    Dex: 12    Spells: 3/4 levels left

rFire   . . .      SeeInvis .   (no weapon)
rCold   . . .      Faith    .   (no shield)
rNeg    . . .      Spirit   .   (helmet restricted)
rPois   .          Reflect  .   (no amulet)
rElec   .          Harm     .   (no ring)
rCorr   .          Rampage  .   (no ring)
Will    .....                   (no ring)
Stlth   +++.......              (no ring)
HPRegen 0.03/turn               (no ring)
MPRegen 0.08/turn               (no ring)
                                (no ring)
                                (no ring)

@: very slightly contaminated
A: almost no armour, amphibious, 8 rings, camouflage 1, gelatinous body 1,
(nimble swimmer 1), tentacles
a: no special abilities


You were on level 1 of the Dungeon.
You visited 1 branch of the dungeon, and saw 1 of its levels.

You collected 19 gold pieces.


Innate Abilities, Weirdness & Mutations

You cannot wear most types of armour.
You are amphibious.
You can wear up to eight rings at the same time.
Your skin changes colour to match your surroundings (Stealth+).
Your rubbery body absorbs attacks. (AC +1, EV +1)
((You are camouflaged when in or above water. (Stealth+)))
You have tentacles for arms and can constrict up to eight enemies at once.


   Skills:
 - Level 2.0 Dodging
 + Level 3.1 Stealth
 - Level 2.0 Spellcasting
 - Level 1.0 Transmutations
 + Level 3.8 Poison Magic


You had 3 spell levels left.
You knew the following spells:

 Your Spells              Type           Power      Damage    Failure   Level
a - Sting                 Tmut/Pois      36%        1d4       7%          1

Your spell library contained the following spells:

 Spells                   Type           Power      Damage    Failure   Level
 Poisonous Vapours        Pois/Air       16%        N/A       13%         2
 Mephitic Cloud           Conj/Pois/Air  6%         N/A       34%         3
 Olgreb's Toxic Radiance  Pois           14%        N/A       36%         4

Inventory:

Scrolls
 b - a scroll of fear {unknown}
Potions
 a - a potion of magic
 c - a potion of might {unknown}

Dungeon Overview and Level Annotations

Branches:
Dungeon (1/15) Zot: 5704

Altars:

..... ##.. .... ..#...
.. .... ..##.. ..# # .
#..###.##.. ...### #.#
#...#.##.. ......####.#
#...#.#∩..
........##.#####..#.#∩..
#....K............#∩##
#....@..#..####...####
#......###.# ####.....
##.###.###.###.##.....
#...............##....
...##.###.###.##.......
#. #...........#.#.####
# ...##.###.##...#.#
#.#.#.. ....#.#.#.#
...#... #.##...#...#


You could see a kobold.


Message History

🤖 Initializing magus.rc ...
Bad channel name for runrest: 'pray:' ✅ Successfully initialized magus.rc [v1.9.6] Welcome, zeratav the Octopode Venom Mage.
The heart of this dungeon contains the majestic artefact, the Orb of Zot.
Press ? for a list of commands and other information.
Found a staircase leading out of the dungeon.
You see here a deep dwarf skeleton.
You now have 9 gold pieces.
You see here a deep dwarf skeleton.
You now have 13 gold pieces (gained 4).
You see here 5 stones {throwing}.
A dart slug comes into view.
A dart slug is nearby!
The sting hits the dart slug but does no damage.
The dart slug is poisoned.
MP[-1]
You lost 1 mp, and now have 2/3 mp.
The sting hits the dart slug.
The dart slug looks even sicker.
MP[-1]
You lost 1 mp, and now have 1/3 mp.
The sting hits the dart slug.
The dart slug looks even sicker.
You kill the dart slug!
MP[-1]
You lost 1 mp, and now have 0/3 mp.
There is a shaft here.
A quokka comes into view.
MP[+3]
Your mp is fully restored (3).
A quokka is nearby!
The sting hits the quokka.
The quokka is poisoned.
The quokka closely misses you.
MP[-1]
You lost 1 mp, and now have 2/3 mp.
The sting misses the quokka.
You kill the quokka!
Your Stealth skill increases to level 3!
MP[-1]
You lost 1 mp, and now have 1/3 mp.
You can't see any susceptible monsters within range! (Use Z to cast anyway.)
You see here a quokka corpse.
You now have 19 gold pieces (gained 6).
A rat comes into view.
MP[+2]
Your mp is fully restored (3).
A rat is nearby!
A rat is nearby!
The sting hits the rat.
The rat is poisoned.
MP[-1]
You lost 1 mp, and now have 2/3 mp.
The sting hits the rat.
The rat looks even sicker.
You kill the rat!
MP[-1]
You lost 1 mp, and now have 1/3 mp.
b - a scroll labelled MYQIUX CEEDAYNK MP[+2]
Your mp is fully restored (3).
c - a bubbling sapphire potion You see here a quokka corpse.
A kobold comes into view. It is wielding a +0 dagger.
A kobold is nearby!
The kobold shouts!
The kobold hits you with a +0 dagger.
HP[-3]
You take 3 damage, and now have 8/11 hp.
MASSIVE DAMAGE!! (PAUSE)
The sting misses the kobold.
The kobold hits you with a +0 dagger.
HP[-2] MP[-1]
You take 2 damage, and now have 6/11 hp.
You lost 1 mp, and now have 2/3 mp.
The sting misses the kobold.
The kobold barely misses you.
MP[-1]
You lost 1 mp, and now have 1/3 mp.
You miscast Sting.
You are very lightly contaminated with residual magic.
Nothing appears to happen.
The kobold barely misses you.
MP[-1]
You lost 1 mp, and now have 0/3 mp.
You are out of magic!
You are out of magic!
You tentacle-slap the kobold but do no damage.
Your grab misses the kobold. The kobold hits you with a +0 dagger.
* * * LOW HITPOINT WARNING * * *
HP[-1]
You take 1 damage, and now have 5/11 hp.
You barely miss the kobold. Your grab misses the kobold.
The kobold closely misses you.
You completely miss the kobold. Your grab misses the kobold.
The kobold hits you but does no damage.
You tentacle-slap the kobold but do no damage.
Your grab misses the kobold. The kobold hits you with a +0 dagger.
* * * LOW HITPOINT WARNING * * *
HP[-3]
You take 3 damage, and now have 2/11 hp.
MASSIVE DAMAGE!! (PAUSE)
You tentacle-slap the kobold but do no damage.
Your grab misses the kobold.
You squeeze the kobold, but do no damage.
The kobold hits you with a +0 dagger.
You die...

Skill      XL: |  1 |
---------------+----+-----
Stealth        | 3 |  3.1
Dodging        | |  2.0
Spellcasting   | |  2.0
Transmutations | |  1.0
Poison Magic   | |  3.8

Action                   || total
-------------------------++-------
Melee: Unarmed           ||     5
       Tentacles         ||     1
 Cast: Sting             ||     9
Armor: Skin              ||     1
Dodge: Dodged            ||     4

Levels and vault maps discovered:
D:1:      amcnicky_arrival_abandoned_market, layout_rooms,
          shapermc_ecumenical_altar_pompeii,
          nicolae_concentric_dashed_squares_wild, minivault_5,
          roderic_filled_cross

Notes
Turn   | Place    | Note
-------+----------+-------------------------------------------
     0 | D:1      | zeratav the Octopode Venom Mage began the quest for the
                  | Orb.
     0 | D:1      | Reached XP level 1. HP: 11/11 MP: 3/3
     0 | D:1      | magus.rc [v1.9.6]
   132 | D:1      | Reached skill level 3 in Stealth
   294 | D:1      | HP: 2/11 [kobold/+0 dagger (3)]
   295 | D:1      | Slain by a kobold

Vanquished Creatures
  A dart slug (D:1)
  A quokka (D:1)
  A rat (D:1)
3 creatures vanquished.

Table legend:
 A = Non-vault XP
 B = Vault XP
 C = Vault XP percentage of total XP
 D = Non-vault monster count
 E = Vault monster count
 F = Vault count percentage of total count
                 A         B        C        D         E       F
            +---------+---------+-------+---------+---------+-------
      Total |       7 |       0 |   0.0 |       3 |       0 |   0.0
            +---------+---------+-------+---------+---------+-------
        D:1 |       7 |       0 |   0.0 |       3 |       0 |   0.0
            +---------+---------+-------+---------+---------+-------

Illustrated notes

Table legend:
 A = Kills in this place as a percentage of kills in entire the game.
 B = Kills by you in this place as a percentage of kills by you in the entire game.
 C = Kills by friends in this place as a percentage of kills by friends in the entire game.
 D = Other kills in this place as a percentage of other kills in the entire game.
 E = Experience gained in this place as a percentage of experience gained in the entire game.
 F = Experience gained in this place divided by the number of levels of this place that you have seen.
                   A       B       C       D       E      F
               +-------+-------+-------+-------+-------+----------------------
         Total | 100.0 | 100.0 |   N/A |   N/A | 100.0 |   7.0
       Dungeon | 100.0 | 100.0 |   N/A |   N/A | 100.0 |   7.0
               +-------+-------+-------+-------+-------+----------------------

Table legend: (Time is in decaauts)
 A = Elapsed time spent in this place.
 B = Non-inter-level travel time spent in this place.
 C = Inter-level travel time spent in this place.
 D = Time resting spent in this place.
 E = Time spent auto-exploring this place.
 F = Levels seen in this place.
 G = Mean time per level.
                   A        B        C        D        E       F      G
               +--------+--------+--------+--------+--------+-----+--------+
         Total |    295 |    295 |      0 |      0 |    268 |   1 |  295.0 |
       Dungeon |    295 |    295 |      0 |      0 |    268 |   1 |  295.0 |
               +--------+--------+--------+--------+--------+-----+--------+

Top non-repeatable levels by time:
     D:1: 295 daAuts
